 Dungeon Crawl Stone Soup version 0.27.1-34-g3ba077fa99 (webtiles) character file.

Game seed: 5330817975896009800

33 cbfl8 the Skirmisher (level 3, -1/40 HPs)
             Began as a Minotaur Wanderer on Jan 19, 2022.
             Slain by Terence (11 damage)
             ... on level 2 of the Dungeon.
             The game lasted 00:02:41 (1268 turns).

cbfl8 the Skirmisher (Minotaur Wanderer)            Turns: 1268, Time: 00:02:42

Health: -1/40      AC:  5    Str: 13    XL:     3   Next: 12%
Magic:  2/2        EV: 10    Int: 11    God:
Gold:   73         SH:  0    Dex: 11    Spells: 2/2 levels left

rFire    . . .     SeeInvis .   i - +0 whip (vamp)
rCold    . . .     Faith    .   (no shield)
rNeg     . . .     Spirit   .   g - +0 ring mail {Will+}
rPois    .         Reflect  .   (helmet restricted)
rElec    .         Harm     .   (no cloak)
rCorr    .         Rampage  .   (no gloves)
Will     +....                  (no boots)
Stlth    +.........             (no amulet)
HPRegen  0.13/turn              (no ring)
MPRegen  0.08/turn              (no ring)

@: no status effects
A: horns 2, retaliatory headbutt
a: no special abilities


You were on level 2 of the Dungeon.
You visited 1 branch of the dungeon, and saw 2 of its levels.

You collected 73 gold pieces.

Inventory:

Hand Weapons
 a - a +0 shortbow
 f - a +0 dagger
 i - a +0 vampiric whip (weapon)
Missiles
 c - 49 arrows
Armour
 b - a +2 scale mail
 g - a +0 ring mail of willpower (worn)
Scrolls
 h - a scroll of enchant armour {unknown}
Potions
 e - 3 potions of curing {unknown}
 j - a potion of might {unknown}
Miscellaneous
 d - a piece from Xom's chessboard (15/15) (quivered)


   Skills:
 + Level 7.9 Fighting
 + Level 0.1 Bows
 + Level 2.8 Armour
 + Level 0.2 Dodging
 + Level 1.7 Evocations


You had 2 spell levels left.
You didn't know any spells.
Your spell library was empty.

Dungeon Overview and Level Annotations

Branches:
Dungeon (2/15)

Altars:

Shops:
D:1 *[=([

Annotations:
D:2 Terence


Innate Abilities, Weirdness & Mutations

You have a pair of horns on your head.
You reflexively headbutt those who attack you in melee.


Message History

Found a stone staircase leading up.
Found 4 gold pieces.
Terence the Incautious comes into view.
He is wielding a +3 trident.
Terence shouts!
There is a stone staircase leading up here.
A gnoll comes into view. It is wielding a +0 spear.
The gnoll shouts!
You hear a shout!
A gnoll comes into view. It is wielding a +0 spear.
The gnoll throws a throwing net.
The throwing net closely misses you.
A goblin comes into view. It is wielding a +0 dagger.
Terence hits you with a +3 trident.
The goblin shouts!
You hit Terence but do no damage. You headbutt Terence.
Terence is lightly wounded.
You hear a shout!
Terence barely misses you.
You hit Terence.
Terence is moderately wounded.
Terence misses you.
You hit Terence but do no damage.
Terence is moderately wounded.
A gnoll comes into view. It is wielding a +0 club.
Terence hits you with a +3 trident.
Unknown command.
You hit Terence but do no damage.
Terence is moderately wounded.
Terence closely misses you. You furiously retaliate!
You headbutt Terence, but do no damage. The gnoll barely misses you.
Unknown command.
You hit Terence.
You feel better.
Terence is moderately wounded.
Terence hits you with a +3 trident!
The gnoll hits you from afar with a +0 spear.
The gnoll hits you from afar with a +0 spear!
* * * LOW HITPOINT WARNING * * *
Unknown command.
You hit Terence but do no damage.
Terence is moderately wounded.
Terence hits you with a +3 trident!
You die...

#.......#
##.......##
####.........#
##....#######†#
.##.....## #.#
.......<.## #.#
..........# #.#
..........# #.#
...g.g.@(.# #.#
.....g.@g.# #.#
..........# #.#
.........$# #.#
.........## #.#
........## #.#
###...### #.#
##.. #.# #.#


You could see Terence, 3 gnolls and a goblin.

Vanquished Creatures
  An adder (D:2)
  A dart slug (D:1)
  A ball python (D:1)
  5 bats
  2 endoplasms (D:1)
  2 hobgoblins (D:1)
  2 frilled lizards (D:1)
  2 goblins (D:1)
  4 kobolds (D:1)
  3 rats (D:1)
23 creatures vanquished.

Notes
Turn   | Place    | Note
-------+----------+-------------------------------------------
     0 | D:1      | cbfl8 the Minotaur Wanderer began the quest for the Orb.
     0 | D:1      | cbfl8 set off with the following items: a +0 shortbow, a +2
                  | scale mail, 23 arrows, a piece from Xom's chessboard
                  | (15/15)
     0 | D:1      | Reached XP level 1. HP: 26/26 MP: 0/0
    42 | D:1      | Found Urru's Armour Boutique.
   235 | D:1      | Found Mekiter's Jewellery Boutique.
   248 | D:1      | Reached XP level 2. HP: 20/34 MP: 1/1
   257 | D:1      | Found Jekobris's Armour Boutique.
   258 | D:1      | Found Yhif Vef's General Store.
   696 | D:1      | Found Farph's Weapon Shop.
  1226 | D:2      | Reached XP level 3. HP: 40/40 MP: 2/2
  1259 | D:2      | Noticed Terence
  1268 | D:2      | Slain by Terence

Illustrated notes

Levels and vault maps discovered:
D:1:      erik_arrival_blinker_ship, layout_basic, serial_shops, shop,
          shop_statue, shop_fountains, shop, nicolae_shop_statue_plus
D:2:      layout_rooms, serial_shops, nicolae_shop_statue_plus, uniq_terence

Action                   || total
-------------------------++-------
Melee: Dagger            ||    26
       Headbutt          ||     7
       Whip              ||    29
 Fire: Shortbow          ||     3
Armor: Ring mail         ||    17
       Scale mail        ||     1
Dodge: Dodged            ||    45
